 Dungeon Crawl Stone Soup version 0.30-a0-782-ge64f9170bb (webtiles) character file.

Game seed: 15351866485516315361

104001 Flugslaktarn the Severer (level 16, -2/131 HPs)
             Began as a Formicid Fighter on Mar 7, 2023.
             Was the Champion of Jiyva.
             Slain by a culicivora simulacrum (6 damage)
             ... on level 2 of the Spider Nest.
             The game lasted 00:13:43 (15161 turns).

Flugslaktarn the Severer (Formicid Fighter)        Turns: 15161, Time: 00:13:44

Health: -2/131     AC: 18    Str: 29    XL:     16   Next: 0%
Magic:  0/16       EV: 14    Int:  8    God:    Jiyva [******]
Gold:   807        SH: 13    Dex: 13    Spells: 15/15 levels left

rFire   + . .      SeeInvis +    B - +3 battleaxe (heavy)
rCold   . . .      Faith    .    k - +0 kite shield
rNeg    . . .      Spirit   +    n - +0 plate armour
rPois   +          Reflect  .    (helmet unavailable)
rElec   .          Harm     .    y - +2 cloak
rCorr   +          Rampage  .    (no gloves)
Will    +....      Clarity  +    (no boots) Stlth
                                 i - amulet of guardian spirit
HPRegen 2.01/turn                o - ring of poison resistance
MPRegen 0.65/turn                v - +5 ring of evasion

@: mighty
A: permanent stasis, dig shafts and tunnels, antennae 3, four strong arms, claws
2, talons 2, iridescent scales 2, clarity, fire resistance 1, eyeballs 2,
pseudopods 1, jelly sensing items, MP-powered wands, sturdy frame 3
}: 2/15 runes: barnacled, slimy
a: Dig, Shaft Self, Renounce Religion, Oozemancy, Slimify


You were on level 2 of the Spider Nest.
You worshipped Jiyva.
Jiyva was exalted by your worship.
You visited 6 branches of the dungeon, and saw 29 of its levels.
You also visited: Ossuary.

You collected 1769 gold pieces.
You spent 962 gold pieces at shops.

Inventory:

Hand Weapons
 B - a +3 heavy battleaxe (weapon)
   (You took it off a wight on level 6 of the Dungeon)
Missiles
 r - 2 throwing nets
Armour
 k - a +0 kite shield (worn)
   (You found it on level 5 of the Dungeon)
 n - a +0 plate armour (worn)
   (You found it on level 1 of the Dungeon)
 t - a +2 pair of boots
   (You bought it in a shop on level 4 of the Dungeon)
 y - a +2 cloak (worn)
   (You took it off Crazy Yiuf on level 5 of the Dungeon)
Jewellery
 g - the ring "Kivi" {*Slow rN++ Will+ SInv Stlth+}
   (You found it on level 5 of the Pits of Slime)

   [ring of see invisible]

   rN:        It greatly protects you from negative energy.
   SInv:      It lets you see invisible.
   *Slow:     It may slow you when you take damage.
   Will:      It increases your willpower.
   Stlth:     It makes you more stealthy.
 i - an amulet of guardian spirit (around neck)
   (You found it on level 1 of the Dungeon)
 m - a ring of willpower
   (You found it on level 11 of the Dungeon)
 o - a ring of poison resistance (left claw)
   (You bought it in a shop on level 8 of the Dungeon)
 s - the ring of Jagius {Ice Str+4 Int+3}
   (You found it on level 5 of the Pits of Slime)

   [ring of ice]

   It enhances your ice magic.
   Str:       It affects your strength (+4).
   Int:       It affects your intelligence (+3).
   rF:        It makes you vulnerable to fire.
   rC:        It protects you from cold.
 v - a +5 ring of evasion (right claw)
   (You bought it in a shop on level 2 of the Orcish Mines)
Wands
 c - a wand of mindburst (9)
   (You found it on level 1 of the Lair of Beasts)
 C - a wand of quicksilver (4)
   (You found it on level 1 of the Shoals)
 F - a wand of roots (12)
   (You found it on level 8 of the Dungeon)
Scrolls
 h - 2 scrolls of vulnerability
 l - a scroll of magic mapping
 D - 4 scrolls of immolation
 E - 5 scrolls of fear
Potions
 a - a potion of flight {unknown}
 b - 4 potions of brilliance
 d - 2 potions of might
 f - 2 potions of lignification {unknown}
 j - 2 potions of invisibility {unknown}
 p - 6 potions of ambrosia
 q - a potion of curing
 u - 2 potions of mutation
 w - 2 potions of heal wounds
 x - a potion of resistance {unknown}
 z - a potion of berserk rage {unknown}
 A - a potion of degeneration {unknown}
 G - a potion of attraction
Miscellaneous
 e - a box of beasts
   (You found it on level 1 of the Lair of Beasts)


   Skills:
 + Level 13.5 Fighting
 * Level 16.9 Axes
 + Level 13.6 Armour
 + Level 15.9 Shields
 - Level 6.0 Evocations


You had 15 spell levels left.
You didn't know any spells.
Your spell library was empty.

Dungeon Overview and Level Annotations

Branches:
Dungeon (11/15)            Temple (0/1) D:6            Lair (5/5) D:9
 Shoals (4/4) Lair:3       Spider (2/4) Lair:3        Slime (5/5) Lair:5
    Orc (2/2) D:9             Elf (0/3) Orc:2       Ossuary (visited)

Altars:
Cheibriados
Dithmenos
Fedhas
Gozag
Hepliaklqana
Qazlal
Sif Muna
Uskayaw
Vehumet
Wu Jian
Zin
Jiyva

Shops:
D:1 [   D:4 [   D:8 *   D:11 =*   Orc:2 ?=!!

Annotations:
D:5 3 runed translucent doors, DSell's ghost, novice GnNe
Shoals:3 3 runed translucent doors
Spider:1 2 transporters, exclusion: orange crystal statue
Slime:2 Dissolution
Slime:5 Royal Jelly
Abyss:1 Duvessa


Innate Abilities, Weirdness & Mutations

You cannot be hasted, slowed, berserked, paralysed or teleported.
You can dig through walls and to a lower floor.
You have a pair of large antennae on your head. (SInv)
Your four strong arms can wield two-handed weapons with a shield.
You have very sharp fingernails.
You have razor-sharp toenails.
You are mostly covered in iridescent scales. (AC +4)
You possess an exceptional clarity of mind.
Your flesh is heat resistant. (rF+)
Your body has grown many eyes which may confuse attackers. (Acc +5)
Armour fits poorly on your pseudopods.
You have a small jelly attached to you that senses nearby items.
You expend magic power (3 MP) to strengthen your wands.
Your movements are significantly less encumbered by armour. (ER -6)


Message History

You slash the emperor scorpion!
A freezing mist starts to gather...
A wolf spider simulacrum comes into view.
You feel sick.
The emperor scorpion stings you but does no damage.
The emperor scorpion claws you but does no damage.
The emperor scorpion completely misses you.
Arachne mumbles some strange words.
Arachne blinks!
You block the culicivora's attack.
The jumping spider leaps!
You block the tarantella's attack.
The tarantella touches itself!
The emperor scorpion stings you. The emperor scorpion claws you.
The emperor scorpion claws you but does no damage.
Arachne says, "Come to my web."
Arachne casts a spell at you. You block the poison arrow.
The culicivora bites you but does no damage.
The redback simulacrum bites you. The redback simulacrum freezes you!
You are too injured to fight recklessly!
You cut the tarantella simulacrum into ribbons!!!
The tarantella simulacrum vaporises!
You slash the culicivora! You slash the redback simulacrum!
You slice the tarantella!!
You kill the tarantella!
You slash the emperor scorpion!
A freezing mist starts to gather...
A tarantella simulacrum comes into view.
You feel sick.
You are no longer poisoned.
The culicivora bites you but does no damage.
The eyeballs on your body gaze at the culicivora.
The emperor scorpion stings you but does no damage.
You block the emperor scorpion's attack.
The emperor scorpion claws you.
You block the redback simulacrum's attack.
Arachne casts a spell at you. The bolt of poison hits you. You resist.
The bolt of poison hits the wolf spider simulacrum.
The wolf spider simulacrum completely resists.
The culicivora bites you!
* * * LOW HITPOINT WARNING * * *
The culicivora draws strength from your injuries!
The jumping spider leaps!
The emperor scorpion stings you but does no damage.
The emperor scorpion closely misses you.
The emperor scorpion claws you.
* * * LOW HITPOINT WARNING * * *
Unknown command.
You completely miss the wolf spider simulacrum.
You claw the wolf spider simulacrum!
The wolf spider simulacrum is moderately damaged.
You slice the redback simulacrum!!
The redback simulacrum vaporises!
You slash the emperor scorpion!
You strike the helpless culicivora from behind!
You chop the culicivora into pieces!!!
You kill the culicivora!
A freezing mist starts to gather...
A culicivora simulacrum comes into view.
You block the wolf spider simulacrum's attack.
The wolf spider simulacrum bites you.
* * * LOW HITPOINT WARNING * * *
The wolf spider simulacrum freezes you!!
* * * LOW HITPOINT WARNING * * *
Arachne points her staff at you, shooting a stream of webbing.
The stream of webbing misses you.
The stream of webbing hits the wolf spider simulacrum but does no damage.
The wolf spider simulacrum is caught in a web!
The emperor scorpion stings you!
* * * LOW HITPOINT WARNING * * *
You are lethally poisoned!
The emperor scorpion poisons you!
You block the emperor scorpion's attack. x2
The wolf spider simulacrum struggles to get unstuck from the web.
You have reached level 16!
You feel clever.
You feel better.
Arachne hits you with a staff of poison.
* * * LOW HITPOINT WARNING * * *
Arachne envenoms you!
* * * LOW HITPOINT WARNING * * *
You are poisoned.
The wolf spider simulacrum tears the web.
The emperor scorpion stings you but does no damage.
The emperor scorpion claws you but does no damage.
You block the emperor scorpion's attack.
The jumping spider leaps!
Okay, then.
You carve Arachne like a ham!!!
You kill Arachne!
You slice the emperor scorpion!! You slice the wolf spider simulacrum!!
The wolf spider simulacrum vaporises!
You barely miss the tarantella simulacrum.
You slice the culicivora simulacrum!!
A freezing mist starts to gather...
Arachne the Weaver comes into view.
You feel sick.
You are no longer poisoned.
The emperor scorpion's soul is no longer bound.
You block the tarantella simulacrum's attack.
The emperor scorpion stings you but does no damage.
You block the emperor scorpion's attack.
The emperor scorpion claws you. The culicivora simulacrum bites you!
You die...

..# #####.....#
..^##.........#
#............#
#°...s......##
#............#
#.$..........#
#.s○........#
#Z.@Z<...#
#.|.Z...##
##.....##
#...<## #...^#
#..... #....#.
###....#


You could see an emperor scorpion, a jumping spider, a tarantella simulacrum,
Arachne the simulacrum and a culicivora simulacrum.

Vanquished Creatures
  Arachne (Spider:2)
  An orc warlord (Orc:2)
  6 merfolk impalers
  Fannar (Lair:2)
  A merfolk avatar (Shoals:4)
  2 hydras (Lair:3)
  A boulder beetle (D:10)
  A two-headed ogre (D:11)
  2 centaur warriors (Shoals:3)
  2 merfolk aquamancers (Shoals:4)
  An alligator snapping turtle (Shoals:4)
  A satyr (Shoals:4)
  9 death yaks
  An orc high priest (Orc:2)
  A pharaoh ant (Spider:2)
  A kraken simulacrum (Shoals:4)
  A skyshark (Lair:5)
  11 sea snakes
  A necromancer (Lair:5)
  An orc knight (Orc:1)
  4 harpies (Shoals:3)
  A wolf spider (Spider:2)
  6 orc sorcerers
  A cyclops (Shoals:4)
  7 fauns
  4 manticores
  2 black mambas
  5 merfolk sirens
  A torpor snail (Lair:5)
  A water nymph (Shoals:3)
  8 elephants
  3 cane toads
  3 kobold demonologists
  2 rime drakes
  2 komodo dragons
  2 polar bears
  A queen bee (Lair:3)
  3 trolls
  2 tarantellas (Spider:2)
  13 merfolk
  8 wind drakes
  Grinder (D:5)
  4 blink frogs (Lair:4)
  5 dream sheep
  2 culicivoras (Spider:2)
  A jumping spider (Spider:1)
  6 water elementals
  3 snapping turtles
  A shadow (D:10)
  2 wraiths (D:9)
  28 yaks
  Eustachio (D:5)
  A wyvern (D:11)
  6 basilisks
  A redback (Spider:2)
  6 vampire mosquitoes (D:11)
  Edmund (D:4)
  3 wargs
  5 water moccasins
  An ice beast (D:6)
  3 sky beasts (D:7)
  3 black bears
  21 orc warriors
  6 ogres
  8 centaurs
  8 wolves
  5 kobold brigands
  A phantom (D:4)
  Blork the orc (D:5)
  9 bullfrogs
  3 scorpions
  2 gnoll sergeants
  3 necrophages
  2 water moccasin zombies (Ossuary)
  12 wights
  Dowan (D:5)
  36 killer bees
  4 howler monkeys
  4 centaur zombies (Ossuary)
  A bullfrog zombie (Ossuary)
  A human zombie (Ossuary)
  4 hounds
  Crazy Yiuf (D:5)
  16 orc priests
  5 iguanas
  24 orc wizards
  2 polar bear simulacra (Lair:5)
  A yak simulacrum (Lair:5)
  7 hell rats (Lair:3)
  3 wolf simulacra (Lair:5)
  3 ogre zombies (Ossuary)
  13 gnolls
  12 adders
  2 white imps
  An ufetubus (D:7)
  2 adder zombies (Ossuary)
  A worm (D:4)
  2 dart slugs
  54 orcs
  9 ball pythons
  4 bats
  3 endoplasms
  6 giant cockroaches
  10 goblins
  9 hobgoblins
  8 jackals
  24 kobolds
  2 quokkas
  3 frilled lizards
  3 gnoll zombies (Ossuary)
  2 goblin zombies (Ossuary)
  4 hobgoblin zombies (Ossuary)
  2 orc zombies (Ossuary)
  3 rats
  A tentacle (Shoals:4)
583 creatures vanquished.

Vanquished Creatures (collateral kills)
  A water nymph (Shoals:2)
  A merfolk (Shoals:2)
2 creatures vanquished.

Vanquished Creatures (others)
  A catoblepas (Lair:5)
  A hydra (Lair:5)
  2 merfolk avatars
  An alligator snapping turtle (Shoals:3)
  A deep troll shaman (Lair:5)
  2 death yaks (Lair:5)
  A harpy (Shoals:3)
  3 elephants (Lair:5)
  A water nymph (Shoals:3)
  2 torpor snails (Lair:5)
  3 cane toads (Lair:5)
  2 komodo dragons (Lair:5)
  A rime drake (Lair:5)
  A merfolk (Shoals:3)
  A polar bear (Lair:5)
  2 snapping turtles (Shoals:3)
  3 blink frogs (Lair:5)
  2 slime creatures (Lair:5)
  11 yaks (Lair:5)
  4 water moccasins
  2 orc warriors
  A centaur (D:10)
  3 wolves (Lair:5)
  A necrophage (D:5)
  A scorpion (D:7)
  3 wights
  A bullfrog zombie (Ossuary)
  A hound (D:6)
  41 jellies
  3 orc wizards
  3 gnolls
  An endoplasm (D:4)
  7 orcs
  6 kobolds (D:9)
  A quokka (D:5)
  An orc zombie (Ossuary)
  A river rat simulacrum (Lair:5)
  39 fungi
  123 plants
  5 tentacles (Shoals:4)
289 creatures vanquished.

Grand Total: 874 creatures vanquished

Notes
Turn   | Place    | Note
-------+----------+-------------------------------------------
     0 | D:1      | Flugslaktarn the Formicid Fighter began the quest for the
                  | Orb.
     0 | D:1      | Reached XP level 1. HP: 18/18 MP: 1/1
   174 | D:1      | Reached XP level 2. HP: 24/24 MP: 2/2
   364 | D:1      | Found Kic Cam's Armour Shoppe.
   440 | D:1      | Reached XP level 3. HP: 29/29 MP: 3/3
  1172 | D:2      | Reached XP level 4. HP: 33/37 MP: 4/4
  1173 | D:2      | Reached skill level 3 in Axes
  1570 | D:2      | Found a snail-covered altar of Cheibriados.
  1879 | D:3      | Reached XP level 5. HP: 42/42 MP: 5/5
  2017 | D:3      | Found a faded altar of an unknown god.
  2026 | D:3      | Prayed at the altar of an unknown god.
  2026 | D:3      | Became a worshipper of Jiyva Jytoul the Shapeless
  2026 | D:3      | Reached * piety under Jiyva
  2326 | D:3      | Reached skill level 5 in Shields
  2355 | D:3      | Found a hide-covered altar of Uskayaw.
  2505 | D:3      | Found a shimmering blue altar of Sif Muna.
  2537 | D:3      | Found a hazy altar of Hepliaklqana.
  2710 | D:3      | Reached ** piety under Jiyva
  2800 | D:4      | Reached skill level 4 in Axes
  2800 | D:4      | Reached XP level 6. HP: 47/49 MP: 4/6
  2817 | D:4      | Found Cyidoet's Antique Armour Shoppe.
  2831 | D:4      | Bought a pair of boots for 103 gold pieces
  2850 | D:4      | Reached XP level 7. HP: 55/55 MP: 7/7
  2928 | D:4      | Noticed Edmund
  2945 | D:4      | Killed Edmund
  2946 | D:4      | Reached skill level 5 in Axes
  2950 | D:4      | Reached *** piety under Jiyva
  3012 | D:4      | Reached skill level 5 in Fighting
  3016 | D:4      | Reached skill level 5 in Armour
  3031 | D:4      | Gained mutation: You are agile. (Dex +4, Str/Int -1)
                  | [Jiyva's grace]
  3031 | D:4      | Gained mutation: You are very agile. (Dex +8, Str/Int -2)
                  | [Jiyva's grace]
  3031 | D:4      | Gained mutation: You passively map a small area around you.
                  | [Jiyva's grace]
  3031 | D:4      | Gained mutation: You passively map the area around you.
                  | [Jiyva's grace]
  3096 | D:4      | Found an opulent altar of Gozag.
  3096 | D:4      | Found a glowing silver altar of Zin.
  3201 | D:5      | Entered Level 5 of the Dungeon
  3236 | D:5      | Found a stormy altar of Qazlal.
  3272 | D:5      | Noticed Eustachio
  3281 | D:5      | Killed Eustachio
  3282 | D:5      | Reached XP level 8. HP: 62/62 MP: 8/8
  3331 | D:5      | Noticed Grinder
  3334 | D:5      | Noticed Blork the orc
  3344 | D:5      | Killed Grinder
  3345 | D:5      | Reached skill level 6 in Axes
  3346 | D:5      | Killed Blork the orc
  3430 | D:5      | Noticed Duvessa
  3431 | D:5      | Noticed Dowan
  3436 | D:5      | Killed Dowan
  3437 | D:5      | Banished Duvessa
  3477 | D:5      | Reached **** piety under Jiyva
  3484 | D:5      | Found a runed translucent gate.
  3484 | D:5      | Found a runed translucent gate.
  3484 | D:5      | Found a runed translucent gate.
  3490 | D:5      | Noticed DSell's ghost (novice GnNe)
  3588 | D:5      | Found a runed translucent door.
  3589 | D:5      | Noticed Crazy Yiuf
  3819 | D:5      | Reached XP level 9. HP: 69/69 MP: 9/9
  4026 | D:5      | Killed Crazy Yiuf
  4136 | D:6      | Reached skill level 7 in Axes
  4145 | D:6      | Found a staircase to the Ecumenical Temple.
  4413 | D:6      | Found a shadowy altar of Dithmenos.
  4413 | D:6      | Found an ornate altar of the Wu Jian Council.
  4414 | D:6      | Found a blossoming altar of Fedhas.
  4558 | D:6      | Found a sand-covered staircase.
  4565 | Ossuary  | Entered an ossuary
  4576 | Ossuary  | Reached skill level 8 in Axes
  4690 | Ossuary  | Noticed a silent spectre
  4691 | Ossuary  | Reached ***** piety under Jiyva
  4883 | D:6      | Reached XP level 10. HP: 79/79 MP: 10/10
  5197 | D:7      | Lost mutation: You are very agile. (Dex +8, Str/Int -2)
                  | [Jiyva's grace]
  5197 | D:7      | Lost mutation: You passively map the area around you.
                  | [Jiyva's grace]
  5197 | D:7      | Lost mutation: You passively map a small area around you.
                  | [Jiyva's grace]
  5197 | D:7      | Gained mutation: Your body has grown eyes which may confuse
                  | attackers. (Acc +3) [Jiyva's grace]
  5197 | D:7      | Gained mutation: Your body has grown many eyes which may
                  | confuse attackers. (Acc +5) [Jiyva's grace]
  5197 | D:7      | Gained mutation: Your body is covered in eyes which may
                  | confuse attackers. (Acc +7, SInv) [Jiyva's grace]
  5197 | D:7      | Gained mutation: Armour fits poorly on your pseudopods.
                  | [Jiyva's grace]
  5349 | D:7      | Reached skill level 9 in Axes
  6223 | D:8      | Reached ****** piety under Jiyva
  6565 | D:8      | Found Awago's Serpentskin Sales.
  6626 | D:9      | Lost mutation: Your body is covered in eyes which may
                  | confuse attackers. (Acc +7, SInv) [Jiyva's grace]
  6626 | D:9      | Gained mutation: Your melee attacks may engulf your foes in
                  | ooze. [Jiyva's grace]
  6626 | D:9      | Gained mutation: Your muscles are strong. (Str +4, Int/Dex
                  | -1) [Jiyva's grace]
  6626 | D:9      | Gained mutation: Your muscles are very strong. (Str +8,
                  | Int/Dex -2) [Jiyva's grace]
  6626 | D:9      | Gained mutation: Your body is covered in eyes which may
                  | confuse attackers. (Acc +7, SInv) [Jiyva's grace]
  6631 | D:9      | Found a staircase to the Orcish Mines.
  6682 | D:9      | Found a staircase to the Lair.
  6937 | D:9      | Reached skill level 10 in Axes
  7322 | D:9      | Reached XP level 11. HP: 87/87 MP: 11/11
  7324 | D:9      | Reached skill level 10 in Shields
  7556 | D:10     | Entered Level 10 of the Dungeon
  7649 | D:10     | Reached skill level 11 in Axes
  7660 | D:10     | Noticed a soul eater
  8016 | D:10     | Noticed a boulder beetle
  8030 | D:10     | Killed a boulder beetle
  8183 | D:10     | Found a radiant altar of Vehumet.
  8207 | D:11     | Noticed a manticore
  8214 | D:11     | Killed a manticore
  8275 | D:11     | Reached XP level 12. HP: 91/96 MP: 12/12
  8300 | D:11     | Found Asiarph's Mass Market.
  8444 | D:11     | Noticed a two-headed ogre
  8457 | D:11     | Killed a two-headed ogre
  8458 | D:11     | Reached skill level 12 in Axes
  8605 | D:11     | Found Koqykk's Jewellery Shoppe.
  8719 | D:11     | Reached skill level 10 in Armour
  8725 | D:11     | Identified a scroll of acquirement
  8910 | Lair:1   | Entered Level 1 of the Lair of Beasts
  8916 | Lair:1   | Reached skill level 10 in Fighting
  8978 | Lair:1   | Lost mutation: Your body is covered in eyes which may
                  | confuse attackers. (Acc +7, SInv) [Jiyva's grace]
  8978 | Lair:1   | Gained mutation: You have a small jelly attached to you
                  | that may absorb projectiles. [Jiyva's grace]
  8978 | Lair:1   | Gained mutation: You are partially covered in iridescent
                  | scales. (AC +2) [Jiyva's grace]
  8978 | Lair:1   | Gained mutation: You are mostly covered in iridescent
                  | scales. (AC +4) [Jiyva's grace]
  8978 | Lair:1   | Gained mutation: You are completely covered in iridescent
                  | scales. (AC +6) [Jiyva's grace]
  9528 | Lair:2   | Reached skill level 1 in Evocations
  9593 | Lair:2   | Noticed Fannar
  9629 | Lair:2   | Killed Fannar
  9630 | Lair:2   | Reached skill level 13 in Axes
  9654 | Lair:2   | Noticed a death yak
  9655 | Lair:2   | Noticed a death yak
  9655 | Lair:2   | Noticed a death yak
  9668 | Lair:2   | Killed a death yak
  9669 | Lair:2   | Reached XP level 13. HP: 97/104 MP: 13/13
  9711 | Lair:2   | You fall into a shaft and drop 2 floors!
  9714 | Lair:4   | You fall into a shaft and drop 1 floor!
  9714 | Lair:5   | Entered Level 5 of the Lair of Beasts
  9762 | Lair:5   | Noticed an eight-headed hydra
  9768 | Lair:5   | Noticed a five-headed hydra
  9772 | Lair:5   | Slimified an 11-headed hydra
  9772 | Lair:5   | an 11-headed hydra changed into an azure jelly
  9772 | Lair:5   | Noticed an azure jelly
  9780 | Lair:5   | Slimified a five-headed hydra
  9780 | Lair:5   | a five-headed hydra changed into a slime creature
  9844 | Lair:5   | Found a runed translucent door.
  9844 | Lair:5   | Noticed an acid blob
  9845 | Lair:5   | Found a viscous altar of Jiyva.
  9845 | Lair:5   | Found a staircase to the Slime Pits.
  9845 | Lair:5   | Noticed an acid blob
  9876 | Slime:1  | Entered Level 1 of the Pits of Slime
  9880 | Slime:1  | Noticed an acid blob
  9920 | Slime:1  | Noticed a rockslime
  9941 | Slime:1  | Noticed a rockslime
  9944 | Slime:1  | Noticed an acid blob
  9946 | Slime:1  | Noticed a rockslime
  9953 | Slime:1  | Noticed a rockslime
  9953 | Slime:1  | Noticed an acid blob
  9963 | Slime:1  | Noticed a great orb of eyes
 10057 | Slime:2  | Noticed Dissolution
 10099 | Slime:2  | Noticed an acid blob
 10118 | Slime:2  | Noticed an acid blob
 10192 | Slime:4  | Noticed a rockslime
 10200 | Slime:5  | Entered Level 5 of the Pits of Slime
 10204 | Slime:5  | Noticed an acid blob
 10226 | Slime:5  | Noticed an acid blob
 10229 | Slime:5  | Noticed a quicksilver ooze
 10236 | Slime:5  | Noticed an acid blob
 10263 | Slime:5  | Noticed a quicksilver ooze
 10282 | Slime:5  | Noticed a great orb of eyes
 10295 | Slime:5  | Noticed an acid blob
 10311 | Slime:5  | Noticed an acid blob
 10320 | Slime:5  | Noticed an acid blob
 10320 | Slime:5  | Noticed an acid blob
 10320 | Slime:5  | Noticed a rockslime
 10323 | Slime:5  | Noticed an acid blob
 10328 | Slime:5  | Noticed a quicksilver ooze
 10334 | Slime:5  | Noticed an acid blob
 10354 | Slime:5  | Noticed a great orb of eyes
 10379 | Slime:5  | Noticed the Royal Jelly
 10379 | Slime:5  | Noticed an azure jelly
 10380 | Slime:5  | Found a viscous altar of Jiyva.
 10381 | Slime:5  | Noticed a great orb of eyes
 10382 | Slime:5  | Noticed an acid blob
 10385 | Slime:5  | Identified the ring "Kivi" {*Slow rN++ Will+ SInv Stlth+}
 10388 | Slime:5  | Got a slimy rune of Zot
 10395 | Slime:5  | Identified the ring of Jagius {Ice Str+4 Int+3}
 10405 | Slime:5  | Identified the +7 shortbow "Meothro" {antimagic, rPois rF+
                  | Will+ Int+3}
 10415 | Slime:5  | Identified the +1 robe of the Eight Boll Weevils {*Slow
                  | Dex+2 Slay+5 Archmagi}
 10438 | Slime:5  | Noticed an acid blob
 10501 | Slime:4  | Noticed an acid blob
 10501 | Slime:4  | Noticed a rockslime
 10511 | Slime:3  | Noticed an acid blob
 10788 | Lair:5   | Reached skill level 14 in Axes
 10897 | Lair:5   | Noticed an eight-headed hydra
 10901 | Lair:5   | Banished a ten-headed hydra
 10974 | Lair:5   | Lost mutation: You are completely covered in iridescent
                  | scales. (AC +6) [Jiyva's grace]
 10974 | Lair:5   | Lost mutation: Your melee attacks may engulf your foes in
                  | ooze. [Jiyva's grace]
 10974 | Lair:5   | Gained mutation: You have sharp toenails. [Jiyva's grace]
 10974 | Lair:5   | Gained mutation: You have razor-sharp toenails. [Jiyva's
                  | grace]
 10974 | Lair:5   | Gained mutation: You have claws for feet. [Jiyva's grace]
 10974 | Lair:5   | Gained mutation: You have acidic saliva. [Jiyva's grace]
 11099 | Lair:5   | Noticed a catoblepas
 11114 | Lair:5   | Noticed a seven-headed hydra
 11129 | Lair:5   | Killed a catoblepas
 11131 | Lair:5   | Killed a seven-headed hydra
 11161 | Lair:5   | Found the +5 glaive of the Guard {elec, spectral, AC+5}
 11215 | Lair:5   | Reached skill level 5 in Evocations
 11224 | Lair:5   | Acquired 787 gold pieces
 11233 | Lair:5   | Identified the +1 shortbow "Qistaff" {heavy, rElec rN++
                  | rCorr Int-3}
 11460 | Lair:3   | Reached XP level 14. HP: 111/113 MP: 14/14
 11670 | Lair:3   | Found a staircase to the Shoals.
 11944 | Orc:1    | Entered Level 1 of the Orcish Mines
 12028 | Orc:1    | Reached skill level 15 in Axes
 12360 | Orc:2    | Entered Level 2 of the Orcish Mines
 12384 | Orc:2    | Found a staircase to the Elven Halls.
 12397 | Orc:2    | Lost mutation: You are agile. (Dex +4, Str/Int -1) [Jiyva's
                  | grace]
 12397 | Orc:2    | Gained mutation: You possess an exceptional clarity of
                  | mind. [Jiyva's grace]
 12397 | Orc:2    | Gained mutation: You have sharp fingernails. [Jiyva's
                  | grace]
 12397 | Orc:2    | Gained mutation: You have very sharp fingernails. [Jiyva's
                  | grace]
 12397 | Orc:2    | Gained mutation: You have claws for hands. [Jiyva's grace]
 12398 | Orc:2    | Noticed an orc warlord
 12464 | Orc:2    | Killed an orc warlord
 12770 | Orc:2    | Found Buijoime's Jewellery Shoppe.
 12770 | Orc:2    | Found Weneuh's Distillery.
 12770 | Orc:2    | Found Eqojy's Distillery.
 12777 | Orc:2    | Found Gecuil's Magic Scroll Shoppe.
 12788 | Orc:2    | Bought a potion of heal wounds for 75 gold pieces
 12790 | Orc:2    | Bought a +5 ring of evasion for 504 gold pieces
 13037 | Shoals:1 | Entered Level 1 of the Shoals
 13255 | Shoals:2 | Lost mutation: You have a small jelly attached to you that
                  | may absorb projectiles. [potion of mutation]
 13255 | Shoals:2 | Lost mutation: Your muscles are very strong. (Str +8,
                  | Int/Dex -2) [potion of mutation]
 13255 | Shoals:2 | Lost mutation: Your muscles are strong. (Str +4, Int/Dex
                  | -1) [potion of mutation]
 13255 | Shoals:2 | Gained mutation: You expend magic power (3 MP) to
                  | strengthen your wands. [potion of mutation]
 13255 | Shoals:2 | Gained mutation: Your flesh is heat resistant. (rF+)
                  | [potion of mutation]
 13377 | Shoals:2 | Reached XP level 15. HP: 23/122 MP: 6/15
 13633 | Shoals:3 | an alligator snapping turtle changed into an azure jelly
 13633 | Shoals:3 | Noticed an azure jelly
 13687 | Shoals:3 | Reached skill level 15 in Shields
 13798 | Shoals:3 | Found a runed translucent gate.
 13799 | Shoals:3 | Found a runed translucent gate.
 13800 | Shoals:3 | Found a runed translucent gate.
 13802 | Shoals:3 | Noticed a frost giant
 13992 | Shoals:3 | Reached skill level 16 in Axes
 13999 | Shoals:4 | Entered Level 4 of the Shoals
 14018 | Shoals:4 | Lost mutation: You have claws for hands. [Jiyva's grace]
 14018 | Shoals:4 | Lost mutation: You have claws for feet. [Jiyva's grace]
 14018 | Shoals:4 | Lost mutation: You have acidic saliva. [Jiyva's grace]
 14018 | Shoals:4 | Gained mutation: Your movements are slightly less
                  | encumbered by armour. (ER -2) [Jiyva's grace]
 14018 | Shoals:4 | Gained mutation: Your movements are less encumbered by
                  | armour. (ER -4) [Jiyva's grace]
 14018 | Shoals:4 | Gained mutation: Your movements are significantly less
                  | encumbered by armour. (ER -6) [Jiyva's grace]
 14018 | Shoals:4 | Gained mutation: You have a small jelly attached to you
                  | that senses nearby items. [Jiyva's grace]
 14742 | Shoals:4 | Got a barnacled rune of Zot
 14815 | Lair:3   | Found a hole to the Spider Nest.
 14927 | D:8      | Bought a ring of poison resistance for 280 gold pieces
 15060 | Spider:1 | Entered Level 1 of the Spider Nest
 15087 | Spider:1 | Noticed a ghost moth
 15088 | Spider:1 | Found a transporter.
 15089 | Spider:1 | Noticed a ghost moth
 15108 | Spider:1 | Noticed an emperor scorpion
 15115 | Spider:1 | Noticed a broodmother
 15115 | Spider:1 | Noticed a broodmother
 15118 | Spider:1 | Found a transporter.
 15126 | Spider:1 | Noticed an emperor scorpion
 15147 | Spider:2 | Noticed Arachne
 15147 | Spider:2 | Noticed an emperor scorpion
 15159 | Spider:2 | HP: 4/124 [emperor scorpion (11)]
 15160 | Spider:2 | Reached XP level 16. HP: 4/131 MP: 1/16
 15161 | Spider:2 | Killed Arachne
 15161 | Spider:2 | Slain by a culicivora simulacrum

Illustrated notes

Levels and vault maps discovered:
D:1:      matt_arrival_refuge, layout_loops_corners, serial_shops,
          shop_fountains
D:2:      layout_basic, basic_altar, nicolae_concentric_dashed_squares_mild
D:3:      cheibrodos_greedy_goblins, layout_basic, nicolae_uskayaw_suspiria,
          mainiacjoe_overflow_two_lobes, hellmonk_ecumenical_altar_blasted,
          minivault_4
D:4:      layout_rooms, grunt_temple_overflow_gold_and_silver, serial_shops,
          shop, uniq_edmund
D:5:      layout_basic, kennysheep_mini, gammafunk_ghost_necromancy,
          grunt_decor_resistance, uniq_grinder, uniq_eustachio,
          uniq_crazy_yiuf_cottage, uniq_blork_the_orc, uniq_duvessa
D:6:      layout_loops_cross, gammafunk_temple_overflow_claw,
          minmay_temple_entry_junction, chequers_ossuary_entry_cave,
          minmay_misc_feat_cross, minmay_strange_pillars
D:7:      layout_gridville, serial_co_window_serial, co_window_corner_a,
          co_window_cross_1, co_window_paths_a, co_window_corner_a,
          co_window_of_opportunity_a, co_window_broadway_c,
          co_window_broadway_c, co_window_2corner, co_window_cross_2,
          co_window_broadway_b, co_window_broadway_a, glass_columns_b,
          glass_columns_a, glass_columns_a, st_stairs_14
D:8:      layout_gridville, minmay_misc_feat_doors, guppyfry_shop_venom
D:9:      layout_loops_corners, dpeg_oklobed_lair, minmay_orc_entry_temple_small
D:10:     layout_basic, lemuel_tele_altar, grunt_ministairs_1,
          nzn_sisyphean_effort
D:11:     layout_small_grid, minmay_shop_enchanted_jewellery, minmay_shop_mass
Lair:1:   layout_big_grid, serial_rivers, chequers_serial_rivers_room_a,
          chequers_serial_rivers_micro_c, chequers_serial_rivers_small_3,
          chequers_serial_rivers_micro_c, chequers_serial_rivers_micro_d,
          chequers_serial_rivers_room_b
Lair:2:   layout_regular_city, chequers_serial_rivers_large_a, uniq_fannar
Lair:3:   layout_gridlike, minmay_shoals_entry_centaurs,
          spider_nest_entry_web_field, special_room [special_room_bee],
          st_stairs_8, lemuel_fruit_tree, infiniplex_staircase_pool
Lair:4:   layout_small_grid
Lair:5:   grunt_lair_end_beastmaster, layout_regular_city, slime_entry_2,
          eino_house_with_fridge
Shoals:1: layout_shoals, uniq_josephine
Shoals:2: layout_shoals, lightli_airlock
Shoals:3: layout_shoals, nicolae_shoals_beach_cooler
Shoals:4: shoals_end_grunt_ice, layout_shoals,
          nicolae_shoals_stone_sculpture_thing,
          nicolae_shoals_kraken_intersection
Spider:1: gammafunk_sealed_arena, uniq_roxanne, uniq_louise
Spider:2: layout_cave_pods, uniq_arachne
Slime:1:  layout_caves, cheibrodos_slime_lost_civilization_4
Slime:2:  cheibrodos_slime_lost_civilization_10, layout_caves,
          dissolution_awaits
Slime:3:  layout_caves
Slime:4:  layout_caves
Slime:5
Orc:1:    layout_caves
Orc:2:    st_orc_mages, layout_diamond_mine

Skill      XL: |  1  2  3  4  5  6  7  8  9 10 11 12 13 14 15 |
---------------+----------------------------------------------+-----
Axes           | 3 4 5 6 8 10 11 13 14 15 16 | 16.9
Fighting       | 4 5 6 7 8 9 10 11 12 13 | 13.5
Armour         | 4 5 6 7 8 9 10 11 12 13 | 13.6
Shields        | 5 6 7 8 9 11 12 13 14 15 | 15.9
Evocations     | 2 5 6 |  6.0

Action                     |  1- 3 |  4- 6 |  7- 9 | 10-12 | 13-15 | 16-18 || total
---------------------------+-------+-------+-------+-------+-------+-------++-------
  Melee: War axe           |    34 |       |       |       |       |       ||    34
         Hand axe          |    39 |    90 |   228 |   465 |   153 |       ||   975
         Pseudopods        |       |       |       |   109 |   134 |       ||   243
         Kick              |       |       |       |       |   163 |       ||   163
         Battleaxe         |       |       |       |       |   458 |     1 ||   459
         Bite              |       |       |       |       |    36 |       ||    36
 Invoke: Slimify           |       |       |       |       |     3 |       ||     3
Ability: Shaft Self        |       |       |       |       |     2 |       ||     2
  Evoke: Wand              |       |       |       |       |     1 |       ||     1
    Use: Scroll            |       |     3 |       |     6 |     9 |       ||    18
         Potion            |       |       |       |       |    10 |     1 ||    11
   Stab: Confused          |       |       |       |    21 |    13 |       ||    34
         Petrified         |       |       |       |       |     2 |       ||     2
         Distracted        |       |       |       |       |     1 |       ||     1
 Armour: Scale mail        |    29 |       |       |       |       |       ||    29
         Plate armour      |     9 |    49 |   131 |   167 |   326 |     3 ||   685
  Dodge: Dodged            |    23 |    20 |    52 |    90 |   285 |       ||   470
  Block: Buckler           |    25 |    16 |    69 |   111 |       |       ||   221
         Kite shield       |       |       |       |    30 |   486 |     3 ||   519

Table legend: (Time is in decaauts)
 A = Elapsed time spent in this place.
 B = Non-inter-level travel time spent in this place.
 C = Inter-level travel time spent in this place.
 D = Time resting spent in this place.
 E = Time spent auto-exploring this place.
 F = Levels seen in this place.
 G = Mean time per level.
                   A        B        C        D        E       F      G
               +--------+--------+--------+--------+--------+-----+--------+
         Total |  15353 |  14299 |   1054 |    919 |   9681 |  30 |  511.8 |
       Dungeon |   8874 |   8387 |    487 |    232 |   6629 |  11 |  806.7 |
          Lair |   2573 |   2249 |    324 |     32 |   1336 |   5 |  514.6 |
        Shoals |   1931 |   1884 |     47 |    609 |    419 |   4 |  482.8 |
   Spider Nest |    103 |     89 |     14 |      0 |     48 |   2 |   51.5 |
    Slime Pits |    678 |    573 |    105 |      0 |    543 |   5 |  135.6 |
  Orcish Mines |   1065 |    991 |     74 |     46 |    677 |   2 |  532.5 |
       Ossuary |    127 |    127 |      0 |      0 |     27 |   1 |  127.0 |
               +--------+--------+--------+--------+--------+-----+--------+

Top non-repeatable levels by time:
     D:9: 1066 daAuts
     D:1: 1029 daAuts
  Lair:5: 997 daAuts
     D:3: 934 daAuts
     D:5: 924 daAuts
     D:6: 881 daAuts
     D:7: 868 daAuts
     D:2: 819 daAuts
Shoals:4: 752 daAuts
    D:11: 648 daAuts
    D:10: 645 daAuts
     D:8: 598 daAuts
Shoals:3: 594 daAuts
   Orc:2: 549 daAuts
  Lair:1: 542 daAuts
